gnomy, neutral male gnomish Healer --- ---.-- -- --- |....| --.--.---- |....-- |........| -....--- ---- ----.%.....| |......--- |..| |?.|-....*.| --........| |(I| ..||...---- --.--.|....| ---I-- ---.--...| ----..|--|....--- |...| |........- |.....| |......-- ---- ---.--------*---......| |.....----.......| |..--|...|-..||...| --......... --...............-- |....|.--|...--.--- |............. |......%..---....|--....(.---......| --..--.|.---- |.........----...--..............--- |.-- ---- --............%..................| |.| ---...--.--------...........^.--- |.| ---.--...| |.............| -.- --...||.--- |.....^.......| . |..---|..| ---..........-- .- |..| |..| -----.|.---- --- ---- ---- ----- gnomy the Empiric Experience level: 4 Strength: 9 Dexterity: 9 Constitution: 16 Intelligence: 13 Wisdom: 14 Charisma: 17 Health: 0(35) Energy: 4(35) Def: 0 Gold: 1401 Moves: 2969 Dungeon seed: r8s2RDfIcpijgcd4 Game ID: gnomy_1514416123 Your Inventory: Coins $ - 1401 gold pieces Weapons a - a +0 scalpel n - 7 +0 darts u - 3 +0 arrows Armor q - an uncursed +1 dwarvish cloak Scrolls A - a cursed scroll of light Wands f - a blessed wand of sleep (0:6) y - a cursed wand of light (0:12) Tools b - an uncursed stethoscope Spells and supernatural/magical abilities: Name Level Category Fail Memory a - force bolt 1 attack 0% 98% h - healing 1 healing 0% 86% x - extra healing 3 healing 0% 86% S - stone to flesh 3 healing 16% 86% W - pray for help -- divine ? -- Your skills at the end: Fighting Skills Weapon Skills knife [Basic] Spellcasting Skills healing spells [Basic] Final Attributes: You were piously aligned. You were poison resistant. You were blinded. You had infravision. You were a wererat. You were unlucky. You are dead. Vanquished creatures: a shrieker 2 dwarves a kobold lord an iguana a gas spore a large kobold a hobgoblin 2 giant rats a brown mold a green mold a gecko 5 jackals 5 goblins 3 sewer rats 7 grid bugs 4 lichens 2 kobold zombies 6 newts 45 creatures vanquished. Voluntary challenges: You had been an atheist until turn 2846. You used a wielded weapon 127 times, starting on turn 4. You read items or engraved 4 times, starting on turn 1560. You never genocided any monsters. You never polymorphed an object. You changed form 1 time, starting on turn 2818. You used no wishes. You never split a pudding. You never wrote Elbereth's name. You violated your moral code, losing 6 points of alignment, starting on turn 2484. Dungeon overview: The Dungeons of Doom: levels 1 to 2 Level 1 a sink a long staircase Level 2 a general store stairs to The Gnomish Mines The Gnomish Mines: Level 3 <- You were here stairs to The Dungeons of Doom History has recorded: On T:1 you entered the Dungeons of Doom to retrieve the Amulet of Yendor! On T:533 you advanced to experience level 2. On T:746 you reached level 2 of The Dungeons of Doom. On T:935 you advanced to experience level 3. On T:1556 you reached level 1 of The Gnomish Mines. On T:2479 you advanced to experience level 4. Score breakdown: Gold: 0 ( 0 points) Experience: 4 levels ( 9649 points) Exploration: 3 levels ( 6.25%) ( 6188 points) Discoveries: 5 items ( 1.71%) ( 3925 points) Valuables value: (no points given unless you survive) Artifact value: 0 ( 0 points) Variety of kills: 18 monsters ( 4.72%) ( 6520 points) Turncount: 2969 turns ( -584 points) Survival: died (score multiplied by 80%) Total score: 20558 Latest messages: You hit it. It bites! (2x) You can't go down here. Use the 'moveonly' command to move into a remembered wall. You try to feel what is lying here on the floor. There is a long staircase up here. There are several objects here. It bites! (2x) It bites! (2x) You hit it. It bites! (2x) The sleep ray hits it. (2x) It bites! The sleep ray hits it. (2x) You hit it. It hits! You hit it. It hits! You die... Final status: Goodbye gnomy the Healer, killed by a wererat... You died in The Gnomish Mines on dungeon level 3 with 20558 points, and 1401 pieces of gold, after 2969 moves. You were level 4 with a maximum of 35 hit points when you died.